 Dungeon Crawl Stone Soup version 0.20.1-1-g8b1a95d (webtiles) character file.

11643 Jannitor the Cleaver (level 11, -4/95 HPs)
             Began as a Deep Dwarf Chaos Knight on Sept 23, 2017.
             Was a Priest of the Shining One.
             Succumbed to a queen ant's poison
             ... on level 10 of the Dungeon.
             The game lasted 00:19:33 (8038 turns).

Jannitor the Cleaver (Deep Dwarf Chaos Knight)      Turns: 8038, Time: 00:19:33

Health: -4/95      AC: 19    Str: 19 (20) XL:     11   Next: 52%
Magic:  0/0        EV: 12    Int: 16      God:    the Shining One [***...]
Gold:   355        SH:  0    Dex: 17      Spells: 10/10 levels left

rFire    + . .     SeeInvis .   B - +0 war axe (freeze)
rCold    + . .     Gourm    .   (no shield)
rNeg     + . .     Faith    .   K - +0 plate armour
rPois    .         Spirit   .   n - +1 helmet
rElec    .         Reflect  .   (no cloak)
rCorr    .         Harm     .   p - +0 pair of gloves
MR       ++...     Clarity  +   (no boots) Stlth ..........Rnd*Tele +
                                (no amulet)
Regen    0.0/turn               M - +4 ring of dexterity
MPRegen  0.1/turn               o - ring "Peorchott" {rC+ MR+ Str+3 Int+2 Dex-5}

@: agile, lethally poisoned (-4 -> -169), non-regenerating, hasted, glowing,
very quick
A: damage resistance, heal wounds, hooves 1, blink, clarity, deterioration 1,
fire resistance 1, frail 1, sense surroundings 2, teleportitis 1, wild magic 1,
no regeneration
a: Heal Wounds, Blink, Divine Shield, Renounce Religion


You were on level 10 of the Dungeon.
You worshipped the Shining One.
The Shining One was most pleased with you.
You were not hungry.

You visited 2 branches of the dungeon, and saw 11 of its levels.

You collected 498 gold pieces.
You spent 143 gold pieces at shops.

Inventory:

Hand Weapons
 m - a +0 war axe
 B - a +0 war axe of freezing (weapon)
Armour
 b - a +2 leather armour
 i - a +0 scale mail
 n - a +1 helmet (worn)
 p - a +0 pair of gloves (worn)
 K - a +0 plate armour (worn)
Jewellery
 f - a +5 ring of intelligence
 k - a +1 ring of protection
 o - the ring "Peorchott" (right hand) {rC+ MR+ Str+3 Int+2 Dex-5}
   (You found it on level 6 of the Dungeon)

   [ring of intelligence]

   It affects your strength (+3).
   It affects your intelligence (+2).
   It affects your dexterity (-5).
   It protects you from cold.
   It affects your resistance to hostile enchantments.
 M - a +4 ring of dexterity (left hand)
 N - a cursed +2 ring of intelligence
Wands
 d - a wand of disintegration (8/24)
 x - a wand of disintegration (3/24)
 z - a wand of scattershot (0/9)
 E - a wand of lightning (0/15)
Scrolls
 a - a scroll of remove curse
 e - a scroll of enchant armour
 g - 4 scrolls of amnesia
 h - 2 scrolls of immolation
 r - 4 scrolls of recharging
 t - 3 scrolls of identify
 F - a scroll of enchant weapon {unknown}
 G - a scroll of fear {unknown}
 I - a scroll of fog {unknown}
 J - a scroll of blinking
 L - 5 scrolls of noise {unknown}
Potions
 j - a potion of flight {unknown}
 l - a potion of haste
 u - a potion of magic
 C - a potion of lignification
Books
 v - a book of Party Tricks

   Spells                             Type                      Level
   a - Summon Butterflies             Summoning                    1
   b - Apportation                    Translocation                1
   c - Lesser Beckoning               Translocation                3
   d - Tukima's Dance                 Hexes                        3
   e - Alistair's Intoxication        Transmutation/Poison         5
   f - Invisibility                   Hexes                        6
 y - a book of Maledictions

   Spells                             Type                      Level
   a - Corona                         Hexes                        1
   b - Ensorcelled Hibernation        Hexes/Ice                    2
   c - Confuse                        Hexes                        3
   d - Tukima's Dance                 Hexes                        3
   e - Dazzling Spray                 Conjuration/Hexes            3
Miscellaneous
 P - a phantom mirror
Comestibles
 c - 8 bread rations
 q - 8 meat rations
 s - 7 royal jellies
 A - 18 fruits


   Skills:
 + Level 9.5 Fighting
 + Level 11.3 Axes
 + Level 11.2 Armour
 - Level 1.1 Dodging
 + Level 6.3 Invocations
 + Level 4.9 Evocations


You had 10 spell levels left.
You didn't know any spells.

Dungeon Overview and Level Annotations

Branches:
Dungeon (10/15)            Temple (1/1) D:6            Lair (0/6) D:9
    Orc (0/2) D:10

Altars:
Ashenzari
Cheibriados
Dithmenos
Elyvilon
Fedhas
Gozag
Hepliaklqana
Kikubaaqudgha
Makhleb
Nemelex Xobeh
Okawaru
Qazlal
Ru
Sif Muna
Trog
Uskayaw
Vehumet
Xom
Yredelemnul
Zin
The Shining One

Shops:
D:4 =   D:7 !

Annotations:
Abyss:1 Grinder


Innate Abilities, Weirdness & Mutations

You are resistant to damage.
You can heal yourself by infusing magical energy.
You passively map the area around you.
You do not regenerate.
You have large cloven feet.
You can translocate small distances at will.
You possess an exceptional clarity of mind.
Your body sometimes deteriorates upon taking damage.
Your flesh is heat resistant. (rF+)
You are frail. (-10% HP)
You are occasionally teleported next to monsters.
Your spells are a little harder to cast, but a little more powerful.


Message History

The queen ant is almost dead.
You feel very sick.
You slash the queen ant! You freeze the queen ant.
You kill the queen ant!
You feel your intelligence returning.
* * * LOW HITPOINT WARNING * * *
You feel very sick.
You hit the two-headed ogre but do no damage.
* * * LOW HITPOINT WARNING * * *
You feel very sick.
The two-headed ogre hits you with a dire flail!
* * * LOW HITPOINT WARNING * * *
The two-headed ogre closely misses you.
You hit the two-headed ogre. You freeze the two-headed ogre.
The two-headed ogre is lightly wounded.
* * * LOW HITPOINT WARNING * * *
You feel very sick.
Unknown command.
You die...
Xom bursts into laughter!

#........#
**,,,***,,,***,
######...#
*,,,,,*,,,,,*,, ##.##
**,..###,,,**#. #.#
***..#.,*,,*.. #.#
*#...***,..# #.#
###,...,*,..). #.#
#.#*,..###...*
#.#########.#***..#..#**
#......@.O..# ###...#**,
###########.###a#'''##.#
#...)aaaa.$.#*
#############


You could see a two-headed ogre.

Vanquished Creatures
  Erica (D:8)
  3 two-headed ogres
  A queen ant (D:10)
  The ghost of tailblues the Covert, a novice FeTm of Sif Muna (D:10)
  An unseen horror (D:10)
  Maurice (D:10)
  A merfolk (D:9)
  2 trolls
  A hornet (D:10)
  A wraith (D:10)
  5 soldier ants (D:10)
  5 orc warriors
  4 ice beasts
  2 sky beasts (D:7)
  3 phantoms
  A necrophage (D:7)
  2 centaurs
  4 ogres
  A crocodile (D:8)
  2 big kobolds
  A gnoll sergeant (D:10)
  A water moccasin skeleton (D:9)
  13 killer bees
  5 scorpions
  4 wights (D:7)
  4 howler monkeys
  2 electric eels (D:10)
  5 crimson imps
  A bullfrog zombie (D:9)
  3 centaur zombies
  A centaur skeleton (D:5)
  3 hounds
  A jelly (D:9)
  5 orc priests
  10 orc wizards
  A bullfrog skeleton (D:4)
  An iguana (D:4)
  16 worker ants
  A killer bee zombie (D:10)
  A hound skeleton (D:7)
  Robin (D:2)
  2 howler monkey zombies
  8 gnolls
  10 adders
  A shadow imp (D:7)
  2 oozes (D:2)
  2 adder skeletons
  3 worms
  6 leopard geckos
  32 orcs
  4 giant cockroaches
  12 goblins
  8 hobgoblins
  7 jackals
  4 quokkas
  A ball python (D:3)
  3 bats (D:1)
  A frilled lizard (D:2)
  2 jackal skeletons
  17 kobolds
  8 rats
255 creatures vanquished.

Vanquished Creatures (others)
  An orc warrior (D:6)
  A wight (D:6)
2 creatures vanquished.

Grand Total: 257 creatures vanquished

Notes
Turn   | Place    | Note
-------+----------+-------------------------------------------
     0 | D:1      | Jannitor the Deep Dwarf Chaos Knight began the quest for the Orb.
     0 | D:1      | Reached XP level 1. HP: 20/20 MP: 1/1
   156 | D:1      | XOM: mild Fire miscast
   163 | D:1      | XOM: harmless Erth miscast
   281 | D:1      | Reached XP level 2. HP: 27/27 MP: 2/2
   324 | D:1      | XOM: confuse monster(s)
   891 | D:1      | XOM: divination: detect creatures
   994 | D:1      | XOM: scenery: 1 doors close
  1093 | D:1      | XOM is BORED!
  1093 | D:1      | XOM: summons 3 hostile shadow creatures
  1176 | D:2      | Reached XP level 3. HP: 19/34 MP: 3/3
  1201 | D:2      | Noticed Robin
  1211 | D:2      | XOM: divination: detect creatures
  1249 | D:2      | Killed Robin
  1267 | D:2      | Found an iron altar of Okawaru.
  1315 | D:2      | Reached XP level 4. HP: 35/42 MP: 3/3
  1605 | D:3      | XOM: harmless Tmut miscast
  1748 | D:3      | XOM: divination: detect items
  1791 | D:3      | Noticed a phantom
  1799 | D:3      | XOM: cast spell 'Olgreb's Toxic Radiance'
  1835 | D:3      | XOM: divination: magic mapping
  1858 | D:3      | Killed a phantom
  1858 | D:3      | Reached XP level 5. HP: 40/50 MP: 4/4
  1931 | D:3      | XOM: mild Tloc miscast
  1960 | D:3      | XOM: divination: detect items
  1991 | D:3      | Reached skill level 5 in Axes
  2035 | D:3      | Noticed a water elemental
  2036 | D:3      | Found a stormy altar of Qazlal.
  2039 | D:3      | Noticed an air elemental
  2039 | D:3      | Noticed a fire elemental
  2143 | D:3      | XOM: mild Tmut miscast
  2192 | D:3      | XOM: mild Necr miscast
  2235 | D:4      | XOM: noise
  2238 | D:4      | XOM: fog
  2238 | D:4      | XOM: butterfly on damage
  2242 | D:4      | Reached XP level 6. HP: 30/57 MP: 5/5
  2280 | D:4      | XOM: fog
  2410 | D:4      | Found Peus's Jewellery Shop.
  2460 | D:4      | Reached skill level 5 in Armour
  2475 | D:4      | Found a blossoming altar of Fedhas.
  2580 | D:4      | Reached XP level 7. HP: 57/66 MP: 6/6
  2607 | D:4      | XOM: mild Tloc miscast
  2670 | D:4      | Noticed Sigmund
  2684 | D:4      | Noticed Sigmund
  2684 | D:4      | Sigmund changed into Sigmund the hobgoblin
  2692 | D:4      | Killed Sigmund the hobgoblin
  3008 | D:5      | Entered Level 5 of the Dungeon
  3015 | D:5      | XOM: enchant monster (good)
  3070 | D:5      | XOM: cast spell 'Alistair's Intoxication'
  3079 | D:5      | Reached skill level 5 in Fighting
  3191 | D:5      | XOM: enchant monster (bad)
  3245 | D:5      | Found a white marble altar of Elyvilon.
  3442 | D:5      | Reached XP level 8. HP: 58/75 MP: 7/7
  3560 | D:5      | XOM: noise
  3584 | D:5      | XOM: scenery: create altars
  3872 | D:5      | XOM: divination: detect creatures
  3903 | D:6      | XOM: god gift: 15 bolts
  3915 | D:6      | Noticed Grinder
  3923 | D:6      | Banished Grinder
  3939 | D:6      | XOM: give mutations
  3939 | D:6      | Gained mutation: Your spells are a little harder to cast, but a little more powerful. [Xom's grace]
  3939 | D:6      | Gained mutation: You can translocate small distances at will. [Xom's grace]
  3939 | D:6      | Gained mutation: Your flesh is heat resistant. (rF+) [Xom's grace]
  3939 | D:6      | Gained mutation: You possess an exceptional clarity of mind. [Xom's grace]
  4198 | D:6      | Found a bloodstained altar of Trog.
  4296 | D:6      | XOM: give mutations
  4296 | D:6      | Gained mutation: You have large cloven feet. [Xom's grace]
  4296 | D:6      | Gained mutation: Your spells are harder to cast, but more powerful. [Xom's grace]
  4363 | D:6      | XOM: divine lightning
  4365 | D:6      | XOM: confuse monster(s)
  4375 | D:6      | Noticed a rakshasa
  4385 | D:6      | XOM: scenery: create altars
  4386 | D:6      | XOM: summons friendly ufetubus
  4387 | D:6      | XOM: harmless Tloc miscast
  4481 | D:6      | XOM: give mutations
  4481 | D:6      | Gained mutation: Armour fits poorly on your strangely shaped body. [Xom's mischief]
  4528 | D:6      | Found a staircase to the Ecumenical Temple.
  4540 | Temple   | Entered the Ecumenical Temple
  4605 | Temple   | XOM: harmless Fire miscast
  4745 | Temple   | Fell from the grace of Xom
  4745 | Temple   | Became a worshipper of the Shining One
  4789 | D:6      | Got a pitted steel ring
  4916 | D:6      | Identified the ring "Peorchott" {rC+ MR+ Str+3 Int+2 Dex-5} (You found it on level 6 of the Dungeon)
  4988 | D:6      | Found a burning altar of Makhleb.
  5052 | D:7      | Gained mutation: You passively map the area around you. [Deep Dwarf growth]
  5052 | D:7      | Reached XP level 9. HP: 33/85 MP: 7/7
  5103 | D:7      | XOM: give mutations
  5103 | D:7      | Lost mutation: Armour fits poorly on your strangely shaped body. [Xom's mischief]
  5103 | D:7      | Gained mutation: Armour fits poorly on your strangely shaped body. [Xom's mischief]
  5103 | D:7      | Gained mutation: You are frail. (-10% HP) [Xom's mischief]
  5103 | D:7      | Lost mutation: Armour fits poorly on your strangely shaped body. [Xom's mischief]
  5309 | D:7      | Gained mutation: You are occasionally teleported next to monsters. [mutagenic meat]
  5311 | D:7      | Lost mutation: Your spells are harder to cast, but more powerful. [mutagenic meat]
  5352 | D:7      | Found Uzohuy's Distillery.
  5367 | D:7      | Bought a potion of heal wounds for 55 gold pieces
  5367 | D:7      | Bought a potion of might for 44 gold pieces
  5367 | D:7      | Bought a potion of agility for 44 gold pieces
  5433 | D:7      | Reached * piety under the Shining One
  5618 | D:7      | XOM: give mutation
  5618 | D:7      | Gained mutation: Your body sometimes deteriorates upon taking damage. [Xom's mischief]
  5717 | D:7      | XOM: stat loss: -3 Dex (5/8)
  5869 | D:7      | XOM: noise
  5971 | D:8      | Found a sparkling altar of Nemelex Xobeh.
  6020 | D:8      | XOM: medium Air miscast
  6030 | D:8      | Noticed a two-headed ogre
  6044 | D:8      | Killed a two-headed ogre
  6044 | D:8      | Reached XP level 10. HP: 51/86 MP: 7/7
  6195 | D:8      | Noticed Erica
  6209 | D:8      | Killed Erica
  6209 | D:8      | Reached skill level 10 in Axes
  6326 | D:9      | Found a staircase to the Lair.
  6419 | D:9      | Reached ** piety under the Shining One
  6448 | D:9      | Reached skill level 10 in Armour
  6495 | D:9      | Noticed a two-headed ogre
  6507 | D:9      | Killed a two-headed ogre
  7005 | D:10     | Entered Level 10 of the Dungeon
  7024 | D:10     | Reached skill level 1 in Evocations
  7117 | D:10     | XOM: medium Air miscast
  7187 | D:10     | Noticed a two-headed ogre
  7199 | D:10     | Killed a two-headed ogre
  7199 | D:10     | Reached XP level 11. HP: 53/95 MP: 9/9
  7276 | D:10     | Noticed a queen ant
  7284 | D:10     | Reached skill level 5 in Invocations
  7346 | D:10     | Noticed Maurice
  7356 | D:10     | Killed Maurice
  7368 | D:10     | XOM: 1-stop teleportation journey
  7445 | D:10     | Found a staircase to the Orcish Mines.
  7579 | D:10     | Noticed an unseen horror
  7594 | D:10     | Killed an unseen horror
  7779 | D:10     | XOM: medium Necr miscast
  7779 | D:10     | The Shining One protects you from harm!
  7781 | D:10     | Noticed tailblues's ghost (novice FeTm)
  7809 | D:10     | Killed tailblues's ghost
  7809 | D:10     | Reached *** piety under the Shining One
  8005 | D:10     | XOM: divination: magic mapping
  8020 | D:10     | Noticed a two-headed ogre
  8035 | D:10     | Killed a queen ant
  8037 | D:10     | HP: 3/95 [poisoned by a queen ant]
  8038 | D:10     | Succumbed to a queen ant's poison

Skill      XL: |  1  2  3  4  5  6  7  8  9 10 11 |
---------------+----------------------------------+-----
Fighting       | 3 4 5 6 8 9 |  9.5
Axes           | 4 5 6 8 9 10 11 | 11.3
Armour         | 3 4 5 6 7 9 10 11 | 11.2
Invocations    | 4 6 |  6.3
Evocations     | 1 4 |  4.9
Dodging        | |  1.1

Action                   |  1- 3 |  4- 6 |  7- 9 | 10-12 || total
-------------------------+-------+-------+-------+-------++-------
Melee: Hand axe          |    96 |   173 |   240 |       ||   509
       War axe           |       |       |   166 |   357 ||   523
       Kick              |       |       |    32 |   116 ||   148
 Abil: Heal Wounds       |     1 |     4 |    17 |    30 ||    52
Evoke: Wand              |       |     3 |     2 |    11 ||    16
  Use: Potion            |     2 |       |     7 |     4 ||    13
       Scroll            |       |     1 |     9 |     4 ||    14
 Stab: Confused          |       |     1 |     1 |       ||     2
       Paralysed         |       |     3 |       |       ||     3
       Petrifying        |       |     2 |       |       ||     2
  Eat: Chunk             |     1 |     5 |     9 |     8 ||    23
       Meat ration       |       |       |     1 |       ||     1
Armor: Leather armour    |     2 |       |       |       ||     2
       Scale mail        |    51 |    92 |   243 |   131 ||   517
       Skin              |       |       |    11 |       ||    11
       Plate armour      |       |       |       |    70 ||    70
Dodge: Dodged            |    77 |    69 |   236 |   160 ||   542
